 Dungeon Sprint DCSS version 0.17-a0-1337-ge651487 (webtiles) character file.

21 Kidiri the Sneak (level 2, 0/13 HPs)
             Began as a Spriggan Enchanter on June 10, 2015.
             Was an Initiate of Dithmenos.
             Slain by a yak (13 damage)
             ... in the Dungeon (Sprint IX: "|||||||||||||||||||||||||||||").
             The game lasted 00:01:18 (610 turns).

Kidiri the Sneak (Spriggan Enchanter)                Turns: 610, Time: 00:01:18

Health: 0/13       AC:  5    Str:  4    XL:     2   Next: 62%
Magic:  7/7        EV: 20    Int: 16    God:    Dithmenos [......]
Gold:   0          SH:  0    Dex: 19    Spells: 2 memorised, 5 levels left

rFire  . . .     SeeInvis +     o - +2 rapier (elec)
rCold  . . .     Clarity  .     b - +1 robe
rNeg   . . .     SustAt   .     (shield restricted)
rPois  .         Gourm    .     (helmet restricted)
rElec  .         Spirit   .     (no cloak)
rCorr  .         Warding  .     (gloves unavailable)
rMut   .         NoTele   +     (boots unavailable)
MR     .....                    (no amulet)
Stlth  ++++......               q - +2 ring of protection
                                p - +3 ring of dexterity

@: very quick, not resistant to hostile enchantments, stealthy
A: unfitting armour, see invisible, herbivore 3, speed 3, slow metabolism 2
a: Renounce Religion


You were in the Dungeon.
You worshipped Dithmenos.
Dithmenos was noncommittal.
You were not hungry.

You visited 1 branch

Inventory:

Hand weapons
 a - a +1 dagger
 o - a +2 rapier of electrocution (weapon)
Armour
 b - a +1 robe (worn)
Jewellery
 p - a +3 ring of dexterity (left hand)
 q - a +2 ring of protection (right hand)
Magical devices
 n - a wand of draining (7)
Scrolls
 j - 2 scrolls of blinking
 l - 3 scrolls of remove curse
 m - 2 scrolls of amnesia
Potions
 e - 5 potions of curing
 f - 3 potions of heal wounds
 g - a potion of haste
 h - 4 potions of magic
 i - a potion of berserk rage
 k - a potion of invisibility
Books
 c - a book of Maledictions

   Spells                             Type                      Level
   a - Corona                         Hexes                        1
   b - Ensorcelled Hibernation        Hexes/Ice                    2
   c - Confuse                        Hexes                        3
   d - Tukima's Dance                 Hexes                        3
   e - Dazzling Spray                 Conjuration/Hexes            3
Comestibles
 d - a bread ration


   Skills:
 * Level 1.9 Short Blades
 * Level 4.4 Dodging
 * Level 6.0 Stealth
 * Level 3.6 Spellcasting
 + Level 5.1 Hexes
 + Level 0.2 Ice Magic


You had 5 spell levels left.
You knew the following spells:

 Your Spells              Type           Power        Failure   Level  Hunger
a - Corona                Hex            ###....      1%          1    None
b - Ensorcelled Hibernat  Hex/Ice        ##....       10%         2    ##.....


Dungeon Overview and Level Annotations

Branches:
Dungeon (1/1)

Altars:
Cheibriados
Dithmenos
Elyvilon
Fedhas
Gozag
Kikubaaqudgha
Makhleb
Nemelex Xobeh
Okawaru
Qazlal
Ru
Sif Muna
Trog
Vehumet
Xom
Yredelemnul
Zin
The Shining One
Beogh
Jiyva
Lugonu


Innate Abilities, Weirdness & Mutations

You are tiny and cannot use many weapons and most armour.
You have supernaturally acute eyesight.
You are a herbivore.
You cover ground extremely quickly.
You need consume almost no food.


Message History

You open the door.
A bat, a hound, a yak, a giant frog, a kobold and an orc warrior come into view.
You close the door.
Put on which piece of jewellery? (? for menu, Esc to quit)
You feel agile.
p - a +3 ring of dexterity (left hand) Put on which piece of jewellery? (? for menu, Esc to quit)
q - a +2 ring of protection (right hand)
Okay, then.
Unknown command.
You open the door.
The kobold shouts!
The orc warrior shouts!
The yak bellows!
The hound barks!
The yak misses you.
There is an open door to the Dungeon here.
The giant frog gives a loud, deep croak!
You hit the yak.
The yak is lightly wounded.
The yak gores you!
Ouch! That really hurt!
You die...

▓.▓
▓|▓
▓)▓
▓[▓
▓[▓
▓[▓
▓.▓
▓.▓
▓@▓
▓Y▓
▓K▓
▓b▓
▓h▓
▓F▓
▓o▓
▓+▓


You could see a yak, an orc warrior, a giant frog, a hound, a bat and a kobold.

Vanquished Creatures
  An adder (D)
  A giant gecko (D)
  2 bats (D)
  A goblin (D)
  3 hobgoblins (D)
  A jackal (D)
  A giant newt (D)
10 creatures vanquished.

Notes
Turn   | Place    | Note
--------------------------------------------------------------
     0 | D        | Kidiri the Spriggan Enchanter began the quest for the Orb.
     0 | D        | Reached XP level 1. HP: 9/9 MP: 5/5
    14 | D        | Reached skill level 5 in Stealth
   195 | D        | Reached skill level 5 in Hexes
   195 | D        | Reached XP level 2. HP: 10/13 MP: 7/7
   209 | D        | Learned a level 2 spell: Ensorcelled Hibernation
   505 | D        | Reached skill level 6 in Stealth
   562 | D        | Found a glowing silver altar of Zin.
   562 | D        | Found a glowing golden altar of the Shining One.
   562 | D        | Found an ancient bone altar of Kikubaaqudgha.
   562 | D        | Found a basalt altar of Yredelemnul.
   562 | D        | Found a shimmering altar of Xom.
   562 | D        | Found a radiant altar of Vehumet.
   563 | D        | Found an iron altar of Okawaru.
   564 | D        | Found a burning altar of Makhleb.
   565 | D        | Found a deep blue altar of Sif Muna.
   566 | D        | Found a bloodstained altar of Trog.
   567 | D        | Found a sparkling altar of Nemelex Xobeh.
   568 | D        | Found a white marble altar of Elyvilon.
   569 | D        | Found a roughly hewn altar of Beogh.
   570 | D        | Found a viscous altar of Jiyva.
   571 | D        | Found a corrupted altar of Lugonu.
   572 | D        | Found a blossoming altar of Fedhas.
   573 | D        | Found a snail-covered altar of Cheibriados.
   574 | D        | Found a shadowy altar of Dithmenos.
   575 | D        | Found a stormy altar of Qazlal.
   576 | D        | Found an opulent altar of Gozag.
   577 | D        | Found a sacrificial altar of Ru.
   582 | D        | Became a worshipper of Dithmenos the Shadowed
   604 | D        | Noticed a yak
   604 | D        | Noticed a hound
   604 | D        | Noticed a giant frog
   604 | D        | Noticed an orc warrior
   610 | D        | Slain by a yak

Vault maps used:
D:        linesprint

Action                   || total
-------------------------++-------
Melee: Dagger            ||    43
       Rapier            ||     1
 Cast: Ensorcelled Hiber ||     3
 Stab: Sleeping          ||     2
